 Dungeon Crawl Stone Soup version 0.22.0-75-g3901e7991e (webtiles) character file.

326 JedernureinKreuz the Conjurer (level 6, -2/44 HPs)
             Began as a Gnoll Conjurer on Sept 12, 2018.
             Was an Initiate of Sif Muna.
             Slain by a hippogriff (6 damage)
             ... on level 5 of the Dungeon.
             The game lasted 00:13:35 (2720 turns).

JedernureinKreuz the Conjurer (Gnoll Conjurer)      Turns: 2720, Time: 00:13:35

Health: -2/44      AC:  3    Str: 11    XL:     6   Next: 49%
Magic:  2/14       EV: 14    Int: 19    God:    Sif Muna [......]
Gold:   157        SH:  0    Dex: 15    Spells: 7/15 levels left

rFire    . . .     SeeInvis .   i - +0 short sword (drain)
rCold    . . .     Gourm    .   (no shield)
rNeg     . . .     Faith    +   f - +0 leather armour
rPois    .         Spirit   .   (no helmet)
rElec    .         Reflect  .   (no cloak)
rCorr    .         Harm     .   (no gloves)
MR       .....                  (no boots)
Stlth    +++.......             l - amulet of faith
HPRegen  0.14/turn              (no ring)
MPRegen  0.14/turn              (no ring)

@: no status effects
A: distributed training, fangs 1, strong nose
a: Renounce Religion


You were on level 5 of the Dungeon.
You worshipped Sif Muna.
Sif Muna was noncommittal.
You were hungry.

You visited 2 branches of the dungeon, and saw 6 of its levels.

You collected 157 gold pieces.

Inventory:

Hand Weapons
 e - a +0 dagger of venom
 i - a +0 short sword of draining (weapon)
 s - a +0 hand crossbow
Missiles
 j - 77 stones (quivered)
 k - 59 arrows
 n - 33 sling bullets
 w - 4 tomahawks
Armour
 a - a +0 robe
 f - a +0 leather armour (worn)
Jewellery
 l - an amulet of faith (around neck)
 o - an uncursed ring of protection from cold {unknown}
Wands
 r - a wand of flame (29)
Scrolls
 d - 9 scrolls of identify {unknown}
 g - 2 scrolls of random uselessness {unknown}
 u - a scroll of fear {unknown}
 v - 3 scrolls of teleportation {unknown}
 x - a scroll of magic mapping {unknown}
Potions
 h - 2 potions of curing {unknown}
 m - a potion of invisibility {unknown}
 p - 2 potions of brilliance {unknown}
 q - a potion of cancellation {unknown}
 t - a potion of heal wounds {unknown}
Comestibles
 c - 10 rations


   Skills:
 + Level 2.0 Fighting
 + Level 2.0 Short Blades
 + Level 2.0 Long Blades
 + Level 2.0 Axes
 + Level 2.0 Maces & Flails
 + Level 2.0 Polearms
 + Level 2.0 Staves
 + Level 2.0 Slings
 + Level 2.0 Bows
 + Level 2.0 Crossbows
 + Level 2.0 Throwing
 + Level 2.0 Armour
 + Level 5.0 Dodging
 + Level 4.6 Stealth
 + Level 2.0 Shields
 + Level 2.0 Unarmed Combat
 + Level 5.3 Spellcasting
 + Level 7.3 Conjurations
 + Level 1.5 Hexes
 + Level 1.5 Charms
 + Level 1.5 Summonings
 + Level 1.5 Necromancy
 + Level 1.5 Translocations
 + Level 1.5 Transmutations
 + Level 1.5 Fire Magic
 + Level 1.5 Ice Magic
 + Level 1.5 Air Magic
 + Level 1.5 Earth Magic
 + Level 1.5 Poison Magic
 + Level 2.1 Invocations
 + Level 2.0 Evocations


You had 7 spell levels left.
You knew the following spells:

 Your Spells              Type           Power        Failure   Level  Hunger
a - Magic Dart            Conj           ####         1%          1    None
b - Iskenderun's Mystic   Conj           ####....     8%          4    ####...
c - Dazzling Spray        Conj/Hex       ###...       8%          3    ##.....

Your spell library contained the following spells:

 Spells                   Type           Power        Failure   Level  Hunger
 Searing Ray              Conj           ####..       1%          2    None
 Force Lance              Conj/Tloc      ###.....     26%         4    ####...
 Fulminant Prism          Conj/Hex       ###.......   26%         4    ####...


Dungeon Overview and Level Annotations

Branches:
Dungeon (5/15)             Temple (1/1) D:4

Altars:
Ashenzari
Cheibriados
Dithmenos
Elyvilon
Fedhas
Gozag
Hepliaklqana
Kikubaaqudgha
Nemelex Xobeh
Okawaru
Ru
Sif Muna
Trog
Uskayaw
Wu Jian
Xom
Zin


Innate Abilities, Weirdness & Mutations

Your experience applies equally to all skills.
You have very sharp teeth.
Your uncanny sense of smell can sniff out nearby items.


Message History

The hippogriff is lightly wounded.
The hippogriff bites you. The hippogriff pecks you!
* * * LOW HITPOINT WARNING * * *
The hippogriff claws you.
* * * LOW HITPOINT WARNING * * *
You hit the hippogriff. You drain the hippogriff!
The hippogriff is moderately wounded.
The hippogriff bites you.
* * * LOW HITPOINT WARNING * * *
The hippogriff barely misses you. The hippogriff claws you.
* * * LOW HITPOINT WARNING * * *
You hit the hippogriff.
The hippogriff is moderately wounded.
The hippogriff completely misses you. The hippogriff misses you.
The hippogriff claws you.
* * * LOW HITPOINT WARNING * * *
You hit the hippogriff.
The hippogriff is heavily wounded.
The hippogriff bites you.
You die...

####
∆
#..
#H#
#@#
###


You could see a hippogriff.

Vanquished Creatures
  Natasha (thrice) (D:2)
  2 orc wizards
  A worker ant (D:4)
  A hound zombie (D:2)
  3 gnolls (D:3)
  5 adders
  An ooze (D:1)
  3 worms (D:2)
  4 dart slugs
  A leopard gecko (D:2)
  8 orcs
  2 ball pythons
  5 giant cockroaches
  4 goblins
  4 hobgoblins
  5 kobolds
  A quokka (D:3)
  6 bats
  6 frilled lizards
  5 rats
70 creatures vanquished.

Notes
Turn   | Place    | Note
-------+----------+-------------------------------------------
     0 | D:1      | JedernureinKreuz the Gnoll Conjurer began the quest for the
                  | Orb.
     0 | D:1      | Reached XP level 1. HP: 13/13 MP: 6/6
    75 | D:1      | Reached XP level 2. HP: 19/19 MP: 3/7
   720 | D:2      | Reached XP level 3. HP: 18/25 MP: 5/9
   723 | D:2      | Reached skill level 5 in Spellcasting
   810 | D:2      | Reached skill level 1 in Invocations
   885 | D:2      | Noticed Natasha
   931 | D:2      | Reached skill level 1 in Fighting
   931 | D:2      | Reached skill level 1 in Short Blades
   931 | D:2      | Reached skill level 1 in Long Blades
   931 | D:2      | Reached skill level 1 in Axes
   931 | D:2      | Reached skill level 1 in Maces & Flails
   931 | D:2      | Reached skill level 1 in Polearms
   931 | D:2      | Reached skill level 1 in Staves
   931 | D:2      | Reached skill level 1 in Slings
   931 | D:2      | Reached skill level 1 in Bows
   931 | D:2      | Reached skill level 1 in Crossbows
   931 | D:2      | Reached skill level 1 in Throwing
   931 | D:2      | Reached skill level 1 in Armour
   931 | D:2      | Reached skill level 1 in Shields
   931 | D:2      | Reached skill level 1 in Unarmed Combat
   931 | D:2      | Reached skill level 1 in Evocations
   931 | D:2      | Reached XP level 4. HP: 32/32 MP: 0/11
   982 | D:2      | Killed Natasha
  1115 | D:2      | Noticed Natasha
  1120 | D:2      | Killed Natasha
  1120 | D:2      | Reached skill level 1 in Hexes
  1120 | D:2      | Reached skill level 1 in Charms
  1120 | D:2      | Reached skill level 1 in Summonings
  1120 | D:2      | Reached skill level 1 in Necromancy
  1120 | D:2      | Reached skill level 1 in Translocations
  1120 | D:2      | Reached skill level 1 in Transmutations
  1120 | D:2      | Reached skill level 1 in Fire Magic
  1120 | D:2      | Reached skill level 1 in Ice Magic
  1120 | D:2      | Reached skill level 1 in Air Magic
  1120 | D:2      | Reached skill level 1 in Earth Magic
  1120 | D:2      | Reached skill level 1 in Poison Magic
  1157 | D:2      | Reached XP level 5. HP: 37/37 MP: 4/12
  1165 | D:2      | Found a white marble altar of Elyvilon.
  1165 | D:2      | Found a glowing silver altar of Zin.
  1167 | D:2      | Found a blossoming altar of Fedhas.
  1168 | D:2      | Found an ancient bone altar of Kikubaaqudgha.
  1169 | D:2      | Found an opulent altar of Gozag.
  1222 | D:2      | Noticed Natasha
  1226 | D:2      | Killed Natasha
  2039 | D:3      | Reached XP level 6. HP: 39/44 MP: 13/13
  2465 | D:4      | Found a hide-covered altar of Uskayaw.
  2495 | D:4      | Learned a level 4 spell: Iskenderun's Mystic Blast
  2501 | D:4      | Learned a level 3 spell: Dazzling Spray
  2503 | D:4      | Found a staircase to the Ecumenical Temple.
  2524 | Temple   | Entered the Ecumenical Temple
  2553 | Temple   | Became a worshipper of Sif Muna the Loreminder
  2690 | D:4      | Noticed a hippogriff
  2709 | D:4      | Reached skill level 5 in Dodging
  2715 | D:5      | Entered Level 5 of the Dungeon
  2720 | D:5      | Slain by a hippogriff

Skill      XL: |  1  2  3  4  5  6 |
---------------+-------------------+-----
Spellcasting   | 5 |  5.3
Invocations    | 1 2 |  2.1
Fighting       | 1 2 |  2.0
Short Blades   | 1 2 |  2.0
Long Blades    | 1 2 |  2.0
Axes           | 1 2 |  2.0
Maces & Flails | 1 2 |  2.0
Polearms       | 1 2 |  2.0
Staves         | 1 2 |  2.0
Slings         | 1 2 |  2.0
Bows           | 1 2 |  2.0
Crossbows      | 1 2 |  2.0
Throwing       | 1 2 |  2.0
Armour         | 1 2 |  2.0
Shields        | 1 2 |  2.0
Unarmed Combat | 1 2 |  2.0
Evocations     | 1 2 |  2.0
Hexes          | 1 |  1.5
Charms         | 1 |  1.5
Summonings     | 1 |  1.5
Necromancy     | 1 |  1.5
Translocations | 1 |  1.5
Transmutations | 1 |  1.5
Fire Magic     | 1 |  1.5
Ice Magic      | 1 |  1.5
Air Magic      | 1 |  1.5
Earth Magic    | 1 |  1.5
Poison Magic   | 1 |  1.5
Dodging        | 5 |  5.0
Stealth        | |  4.6
Conjurations   | |  7.3

Action                   |  1- 3 |  4- 6 || total
-------------------------+-------+-------++-------
Melee: Short sword       |    17 |    36 ||    53
       Dagger            |     2 |       ||     2
       Bite              |     2 |     3 ||     5
 Cast: Magic Dart        |    51 |    90 ||   141
       Iskenderun's Myst |       |     1 ||     1
       Dazzling Spray    |       |     1 ||     1
 Stab: Sleeping          |       |     1 ||     1
  Eat: Chunk             |       |     5 ||     5
Armor: Leather armour    |     7 |     9 ||    16
Dodge: Dodged            |    23 |    23 ||    46
